 Dungeon Sprint DCSS version 0.19-a0-1922-g1e9a4c1 (webtiles) character file.

10549 LORDOFBUTT the Impaler (level 11, -11/114 HPs)
             Began as a Minotaur Fighter on Oct 24, 2016.
             Was an Initiate of Gozag.
             Mangled by an orc knight
             ... wielding a +0 broad axe
              (14 damage)
             ... in the Dungeon (Sprint IX: "|||||||||||||||||||||||||||||").
             The game lasted 00:05:30 (2323 turns).

LORDOFBUTT the Impaler (Minotaur Fighter)           Turns: 2323, Time: 00:05:30

Health: -11/114    AC: 15    Str: 23    XL:     11   Next: 37%
Magic:  10/10      EV: 14    Int:  8    God:    Gozag
Gold:   3816       SH:  0    Dex: 11    Spells: 4 memorised, 2 levels left

rFire  . . .     SeeInvis .     v - +4 spear (freeze)
rCold  . . .     Gourm    .     r - +1 scale mail
rNeg   . . .     Faith    .     (no shield)
rPois  .         Spirit   .     (helmet restricted)
rElec  .         Reflect  .     (no cloak)
rCorr  .         Harm     .     s - +0 pair of gloves
MR     .....     NoTele   +     (no boots)
Stlth  +.........               (no amulet)
                                c - +2 ring of protection
                                a - +3 ring of intelligence

@: exhausted, gold aura, slowed, very slow
A: retaliatory headbutt, horns 2
a: Potion Petition, Call Merchant, Bribe Branch, Renounce Religion


You were in the Dungeon.
You worshipped Gozag.
Gozag was most pleased with you.
You were not hungry.

You visited 1 branch You collected 4954 gold pieces.
You spent 306 gold pieces at shops.
You paid 832 gold pieces to Gozag.

Inventory:

Hand Weapons
 q - a +2 halberd of venom
 v - a +4 spear of freezing (weapon)
Armour
 r - a +1 scale mail (worn)
 s - a +0 pair of gloves (worn)
Jewellery
 a - a +3 ring of intelligence (left hand)
 c - a +2 ring of protection (right hand)
Wands
 p - a wand of iceblast (7/15)
Scrolls
 k - 3 scrolls of blinking
 l - 2 scrolls of enchant armour
 n - 3 scrolls of remove curse
 o - 2 scrolls of amnesia
 t - 2 scrolls of identify
 x - a scroll of magic mapping
Potions
 b - a potion of agility
 d - 2 potions of might
 e - 6 potions of curing
 f - 2 potions of brilliance
 h - a potion of haste
 i - 4 potions of magic
 j - a potion of berserk rage
 m - a potion of invisibility
Books
 u - a book of Minor Magic

   Spells                             Type                      Level
   a - Magic Dart                     Conjuration                  1
   b - Blink                          Translocation                2
   c - Call Imp                       Summoning                    2
   d - Repel Missiles                 Charms/Air                   2
   e - Slow                           Hexes                        2
   f - Conjure Flame                  Conjuration/Fire             3
   g - Mephitic Cloud                 Conjuration/Poison/Air       3
Comestibles
 w - a beef jerky
 z - 40 fruits
 A - 12 bread rations
 B - 12 meat rations


   Skills:
 + Level 16.2 Fighting
 + Level 18.4 Polearms
 + Level 18.4 Armour
 + Level 7.3 Dodging
 + Level 4.5 Stealth
   Level 5.4 Shields


You had 2 spell levels left.
You knew the following spells:

 Your Spells              Type           Power        Failure   Level  Hunger
a - Magic Dart            Conj           #...         78%         1    ##.....
b - Blink                 Tloc           N/A          93%         2    ###....
c - Call Imp              Summ           #.......     93%         2    ###....
d - Mephitic Cloud        Conj/Pois/Air  #.......     99%         3    ####...


Dungeon Overview and Level Annotations

Branches:
Dungeon (1/1)

Altars:
Cheibriados
Dithmenos
Elyvilon
Fedhas
Gozag
Hepliaklqana
Kikubaaqudgha
Makhleb
Nemelex Xobeh
Okawaru
Qazlal
Ru
Sif Muna
Trog
Uskayaw
Vehumet
Xom
Yredelemnul
Zin
The Shining One
Beogh
Jiyva
Lugonu

Shops:
D (


Innate Abilities, Weirdness & Mutations

You reflexively headbutt those who attack you in melee.
You have a pair of horns on your head.


Message History

The orc knight hits you with a broad axe!!
* * * LOW HITPOINT WARNING * * *
You hit the orc knight but do no damage.
You headbutt the orc knight!
The orc knight is lightly wounded.
You are no longer berserk.
You are exhausted.
You feel yourself slow down.
You closely miss the orc knight.
The orc knight is lightly wounded.
You hit the orc knight but do no damage.
Your headbutt misses the orc knight.
The orc knight is lightly wounded.
The orc knight hits you with a broad axe!
* * * LOW HITPOINT WARNING * * *
You hit the orc knight but do no damage.
The orc knight is lightly wounded.
The orc knight hits you with a broad axe!
You die...
Your body crumbles into a pile of gold.

▓_▓.▓.▓.▓[▓
▓_▓.▓.▓.▓)▓
▓_▓.▓.▓.▓)▓
▓_▓.▓.▓.▓)▓
▓_▓.▓'▓.▓.▓
▓_▓.▓.▓.▓.▓
▓_▓.▓.▓.▓$▓
▓_▓.▓.▓.▓$▓
▓_▓.▓.▓.▓@▓
▓_▓.▓.▓.▓o▓
▓_▓.▓.▓.▓o▓
▓_▓.▓.▓.▓o▓
▓_▓∩▓.▓.▓$▓
▓_▓.▓.▓.▓o▓
▓_▓.▓'▓.▓$▓
▓_▓.▓.▓.▓o▓
▓_▓.▓.▓.▓$▓


You could see an orc knight, an orc high priest (wandering) and 3 orc warriors.

Vanquished Creatures
  Erolcha (D)
  2 hydras (D)
  A tengu warrior (D)
  A skeletal warrior (D)
  An unseen horror (D)
  3 orc knights (D)
  A cyclops (D)
  An elephant (D)
  2 spiny frogs (D)
  A rime drake (D)
  A troll (D)
  4 blink frogs (D)
  A tyrant leech (D)
  A hornet (D)
  A dream sheep (D)
  3 hippogriffs (D)
  2 yaks (D)
  3 vampire mosquitoes (D)
  A water moccasin (D)
  4 orc warriors (D)
  4 bullfrogs (D)
  2 crocodiles (D)
  A big kobold (D)
  A killer bee (D)
  A wight (D)
  A crimson imp (D)
  3 orc priests (D)
  2 orc wizards (D)
  A worker ant (D)
  An adder skeleton (D)
  8 orcs (D)
  A bat skeleton (D)
  2 goblins (D)
  A hobgoblin (D)
  A jackal (D)
  A kobold (D)
  A rat (D)
67 creatures vanquished.

Notes
Turn   | Place    | Note
-------+----------+-------------------------------------------
     0 | D        | LORDOFBUTT the Minotaur Fighter began the quest for the Orb.
     0 | D        | Reached XP level 1. HP: 19/19 MP: 0/0
   177 | D        | Noticed a worker ant
   181 | D        | Reached XP level 2. HP: 28/28 MP: 1/1
   191 | D        | Reached skill level 5 in Fighting
   191 | D        | Reached skill level 5 in Armour
   191 | D        | Reached skill level 5 in Shields
   191 | D        | Reached XP level 3. HP: 25/36 MP: 2/2
   300 | D        | Found a roughly hewn altar of Beogh.
   300 | D        | Found a snail-covered altar of Cheibriados.
   300 | D        | Found a shadowy altar of Dithmenos.
   300 | D        | Found a white marble altar of Elyvilon.
   300 | D        | Found a blossoming altar of Fedhas.
   300 | D        | Found an opulent altar of Gozag.
   301 | D        | Found a hazy altar of Hepliaklqana.
   302 | D        | Found a viscous altar of Jiyva.
   303 | D        | Found an ancient bone altar of Kikubaaqudgha.
   304 | D        | Found a corrupted altar of Lugonu.
   305 | D        | Found a burning altar of Makhleb.
   306 | D        | Found a sparkling altar of Nemelex Xobeh.
   307 | D        | Found an iron altar of Okawaru.
   308 | D        | Became a worshipper of Gozag Ym Sagoz the Greedy
   309 | D        | Found a stormy altar of Qazlal.
   310 | D        | Found a sacrificial altar of Ru.
   311 | D        | Found a deep blue altar of Sif Muna.
   312 | D        | Found a bloodstained altar of Trog.
   313 | D        | Found a hide-covered altar of Uskayaw.
   314 | D        | Found a radiant altar of Vehumet.
   315 | D        | Found a shimmering altar of Xom.
   316 | D        | Found a basalt altar of Yredelemnul.
   317 | D        | Found a glowing silver altar of Zin.
   318 | D        | Found a glowing golden altar of the Shining One.
   380 | D        | Noticed an orc warrior
   380 | D        | Noticed a killer bee
   380 | D        | Noticed a troll
   380 | D        | Noticed a big kobold
   384 | D        | Killed an orc warrior
   384 | D        | Reached skill level 5 in Polearms
   384 | D        | Reached XP level 4. HP: 47/47 MP: 3/3
   388 | D        | Reached XP level 5. HP: 53/53 MP: 4/4
   390 | D        | Reached skill level 10 in Armour
   395 | D        | Killed a troll
   395 | D        | Reached skill level 1 in Dodging
   395 | D        | Reached XP level 6. HP: 35/66 MP: 5/5
   404 | D        | Killed an unseen horror
   404 | D        | Reached XP level 7. HP: 32/74 MP: 6/6
   404 | D        | Reached XP level 8. HP: 35/82 MP: 7/7
   605 | D        | Noticed a hippogriff
   605 | D        | Noticed a tengu warrior
   605 | D        | Noticed a hornet
   605 | D        | Noticed a skeletal warrior
   605 | D        | Noticed a cyclops
   610 | D        | Killed a hippogriff
   653 | D        | Killed a tengu warrior
   653 | D        | Reached skill level 15 in Armour
   658 | D        | Killed a hornet
   658 | D        | Reached XP level 9. HP: 31/91 MP: 8/8
   691 | D        | Killed a skeletal warrior
   691 | D        | Reached skill level 1 in Stealth
   846 | D        | Killed a cyclops
  1213 | D        | Noticed a rime drake
  1220 | D        | Noticed a spiny frog
  1236 | D        | Killed a rime drake
  1240 | D        | Reached XP level 10. HP: 47/101 MP: 9/9
  1258 | D        | Killed a spiny frog
  1258 | D        | Reached skill level 15 in Polearms
  1268 | D        | Learned a level 1 spell: Magic Dart
  1271 | D        | Learned a level 2 spell: Blink
  1274 | D        | Learned a level 2 spell: Call Imp
  1278 | D        | Learned a level 3 spell: Mephitic Cloud
  1295 | D        | Noticed a five-headed hydra
  1295 | D        | Noticed a spiny frog
  1295 | D        | Noticed an elephant
  1601 | D        | Killed a spiny frog
  1653 | D        | Bought a runed spear for 306 gold pieces
  1668 | D        | Killed a six-headed hydra
  1668 | D        | Reached skill level 5 in Dodging
  1685 | D        | Killed an elephant
  1735 | D        | Noticed an eight-headed hydra
  1743 | D        | Killed an eight-headed hydra
  2025 | D        | Reached skill level 15 in Fighting
  2041 | D        | Reached XP level 11. HP: 101/112 MP: 10/10
  2100 | D        | Noticed Erolcha
  2118 | D        | Killed Erolcha
  2194 | D        | Noticed an orc knight
  2220 | D        | Killed an orc knight
  2270 | D        | Noticed an orc knight
  2270 | D        | Noticed an orc knight
  2276 | D        | Noticed an orc knight
  2300 | D        | Killed an orc knight
  2313 | D        | Killed an orc knight
  2322 | D        | HP: 3/114 [orc knight/broad axe (14)]
  2323 | D        | Mangled by an orc knight

Vault maps used:
D:        linesprint

Skill      XL: |  1  2  3  4  5  6  7  8  9 10 11 |
---------------+----------------------------------+-----
Armour         | 4 5 8 9 11 13 15 16 18 | 18.4
Fighting       | 4 5 7 9 11 12 13 15 16 | 16.2
Shields        | 4 5 |  5.4
Polearms       | 3 5 8 11 12 14 17 18 | 18.4
Dodging        | 1 2 3 4 6 7 |  7.3
Stealth        | 1 3 4 |  4.5

Action                   |  1- 3 |  4- 6 |  7- 9 | 10-12 || total
-------------------------+-------+-------+-------+-------++-------
Melee: Trident           |    39 |       |       |       ||    39
       Headbutt          |     4 |     3 |    13 |    38 ||    58
       Halberd           |     3 |    16 |    65 |    20 ||   104
       Spear             |       |       |       |   174 ||   174
Invok: Potion Petition   |     1 |       |     1 |       ||     2
       Call Merchant     |       |       |       |     1 ||     1
  Use: Potion            |       |       |     2 |     2 ||     4
       Scroll            |       |       |       |     1 ||     1
 Stab: Distracted        |       |       |       |     1 ||     1
  Eat: Bread ration      |       |       |     1 |       ||     1
Armor: Scale mail        |     8 |     9 |    29 |    23 ||    69
Dodge: Dodged            |    12 |    11 |    31 |    54 ||   108
Block: Shield            |    14 |       |       |       ||    14
